 Dungeon Crawl Stone Soup version 0.19-a0-1216-g363869b (webtiles) character file.

10 Gelly3 the Chucker (level 2, 0/32 HPs)
             Began as an Ogre Hunter on Aug 23, 2016.
             Slain by a bat (1 damage)
             ... on level 1 of the Dungeon.
             The game lasted 00:01:03 (108 turns).

Gelly3 the Chucker (Ogre Hunter)                     Turns: 108, Time: 00:01:03

Health: 0/32       AC:  3    Str: 16    XL:     2   Next: 20%
Magic:  2/2        EV: 10    Int: 10    God:
Gold:   0          SH:  0    Dex: 10    Spells: 0 memorised, 1 level left

rFire  . . .     SeeInvis .     e - +0 club
rCold  . . .     Gourm    .     b - +0 robe
rNeg   . . .     Faith    .     (no shield)
rPois  .         Spirit   .     (helmet restricted)
rElec  .         Dismiss  .     (no cloak)
rCorr  .         Reflect  .     (gloves unavailable)
MR     .....     Harm     .     (boots unavailable)
Stlth  +.........               (no amulet)
                                (no ring)
                                (no ring)

@: no status effects
A: unfitting armour, tough skin 1
a: no special abilities


You were on level 1 of the Dungeon.
You were not hungry.

You visited 1 branch of the dungeon, and saw 1 of its levels.

Inventory:

Hand Weapons
 e - a +0 club (weapon)
   (You took it off a hobgoblin on level 1 of the Dungeon)
Missiles
 c - 4 large rocks (quivered) {!d}
 d - 2 throwing nets {=f, !d}
Armour
 b - a +0 robe (worn)
Comestibles
 f - a bread ration
 g - 3 chunks of flesh


   Skills:
 * Level 3.8 Fighting
 - Level 4.0 Throwing
 - Level 1.7 Dodging
 - Level 0.7 Stealth


You had one spell level left.
You didn't know any spells.

Dungeon Overview and Level Annotations

Branches:
Dungeon (1/15)

Altars:


Innate Abilities, Weirdness & Mutations

You are too large for most types of armour.
You have tough skin. (AC +1)


Message History

Tha bat hits ye.
Tha bat closely misses ye.
Thin's tha be 'ere: a club; a hobgoblin corpse Unknown command.
Ye hit tha bat.
Ye kill tha bat!
A kobold comes inta view.
It be wieldin' a short sword.
Ye see 'ere a club.
e - a club Tha kobold shouts!
Wield which item (- fer none, * ta show all)? (? fer menu, 'sc ta quit)
e - a +0 club (weapon)
Drop what? 7/52 slots (_ fer help) (? fer menu, 'sc ta quit) Ye drop a +0 short sword.
Ye be too injured ta fight recklessly!
Ye be too injured ta fight recklessly!
Ye be too injured ta fight recklessly!
Ye hit tha kobold.
Tha kobold be moderately wounded.
Tha kobold closely misses ye.
Tha kobold hits ye wit' a short sword.
Ye hit tha kobold.
Ye kill tha kobold!
Ye see 'ere a short sword.
Ye start restin'.
A bat comes inta view.
Unknown command.
Ye be too injured ta fight recklessly!
Thin's tha be 'ere: a club; a hobgoblin corpse Ye hit tha bat.
Ye kill tha bat!
Ye see 'ere a bat corpse.
Thar be a stone staircase leadin' down 'ere.
Ye see 'ere a bat corpse.
Ye butcher tha bat corpse.
g - 3 chunks o' flesh (gain'd 1)
a - a scroll labeled HUNIBR DIFACO Search fer what [? fer help]? throwin' An ooze comes inta view.
Unknown command.
An ooze be nearby!
A hobgoblin comes inta view.
Tha hobgoblin shouts!
Tha ooze quivers.
A bat comes inta view.
A rat an' a goblin come inta view.
Tha goblin shouts!
A kobold comes inta view.
It be wieldin' a dagger.
Tha kobold shouts!
Tha bat hits ye but does nay damage.
Tha ooze hits ye.
Ye hit tha ooze.
Tha ooze be moderately wounded.
Tha bat hits ye but does nay damage.
Tha ooze hits ye.
Tha rat bites ye.
Tha ooze hits ye.
Ye hit tha ooze but do nay damage.
Tha ooze be moderately wounded.
Tha bat hits ye but does nay damage.
Tha rat misses ye.
Tha ooze hits ye.
* * * LOW HITPOINT WARNIN'
* * * Tha hobgoblin completely misses ye.
Unknown command.
Tha bat hits ye.
* * * LOW HITPOINT WARNIN'
* * * Unknown command.
Tha bat hits ye.
* * * LOW HITPOINT WARNIN'
* * * Tha bat hits ye.
* * * LOW HITPOINT WARNIN'
* * * Tha hobgoblin barely misses ye.
Unknown command.
Unknown command.
Tha bat barely misses ye.
Unknown command.
Tha bat hits ye.
* * * LOW HITPOINT WARNIN'
* * * Unknown command.
Unknown command.
Tha bat hits ye but does nay damage.
Tha bat hits ye.
* * * LOW HITPOINT WARNIN'
* * * Unknown command.
Tha bat hits ye but does nay damage.
Unknown command.
Tha bat hits ye but does nay damage.
Ye ar'n't carryin' any potions.
As ye read tha scroll labeled HUNIBR DIFACO, it crumbles ta dust.
It be a scroll o' identify.
Ye dinnae haf any unidentified items.
Tha bat hits ye.
* * * LOW HITPOINT WARNIN'
* * * Tha rat barely misses ye.
Tha bat hits ye but does nay damage.
Tha bat misses ye.
Unknown command.
Tha bat barely misses ye.
Unknown command.
Tha bat hits ye but does nay damage.
Unknown command.
Tha bat barely misses ye.
Unknown command.
Tha bat hits ye.
Ye die...

##.≈≈≈.##.........#
#...(..(.))........ ..........#
#........)......... ....#.....
#.......#.......... .........#
#.......#.......... .........###
#.......#..........
....#...........................
.........##########.####.#####.#
..#............b@...............
.......#.#####J####.##.#.......#
...##.......gr..###.##.##...##.#
## #.......g##..##......(..#
#........#8..8#.##.##.###
#...........†)).##.# ...
#..........>.)).##.# ####
#........#8..8#.##.#
#........##..##.##.#


You could see an ooze, a hobgoblin, a goblin, a bat and a rat.

Vanquished Creatures
  A goblin (D:1)
  3 hobgoblins (D:1)
  2 kobolds (D:1)
  2 bats (D:1)
  2 rats (D:1)
10 creatures vanquished.

Notes
Turn   | Place    | Note
-------+----------+-------------------------------------------
     0 | D:1      | Gelly3 the Ogre Hunter began the quest for the Orb.
     0 | D:1      | Reached XP level 1. HP: 22/22 MP: 1/1
    14 | D:1      | Reached skill level 3 in Fighting
    58 | D:1      | Reached XP level 2. HP: 18/31 MP: 2/2
    95 | D:1      | HP: 6/32 [ooze (4)]
   100 | D:1      | HP: 2/32 [bat (1)]
   108 | D:1      | Slain by a bat

Vault maps used:
D:1:      sevenhm_arrival_forest_fort_small_4,
          hangedman_abyss_or_decor_lesser_grid, minmay_misc_feat_plants,
          st_stairs_6, minmay_octomino_j4

Skill      XL: |  1 |
---------------+----+-----
Fighting       | 3 |  3.8
Throwing       | |  4.0
Dodging        | |  1.7
Stealth        | |  0.7

Action                   || total
-------------------------++-------
Melee: Short sword       ||    16
       Club              ||     5
Throw: Large rock        ||     2
  Use: Scroll            ||     1
Armor: Robe              ||    11
Dodge: Dodged            ||    28

Vault maps used:
D:1:      sevenhm_arrival_forest_fort_small_4,
          hangedman_abyss_or_decor_lesser_grid, minmay_misc_feat_plants,
          st_stairs_6, minmay_octomino_j4

Table legend:
 A = Turns spent in this place as a percentage of turns spent in the entire game.
 B = Non-inter-level travel turns spent in this place as a percentage of non-inter-level travel turns spent in the entire game.
 C = Inter-level travel turns spent in this place as a percentage of turns spent in this place.
 D = Turns resting spent in this place as a percentage of non-inter-level travel turns spent in this place.
 E = Turns spent auto-exploring this place as a percentage of non-inter-level travel turns spent in this place.
 F = Non-inter-level travel turns spent in this place divided by the number of levels of this place that you've seen.
                   A       B       C       D       E      F
               +-------+-------+-------+-------+-------+----------------------
         Total | 100.0 | 100.0 |   0.0 |   1.9 |   3.7 | 107.0
       Dungeon | 100.0 | 100.0 |   0.0 |   1.9 |   3.7 | 107.0
               +-------+-------+-------+-------+-------+----------------------

Table legend:
 A = Kills in this place as a percentage of kills in entire the game.
 B = Kills by you in this place as a percentage of kills by you in the entire game.
 C = Kills by friends in this place as a percentage of kills by friends in the entire game.
 D = Other kills in this place as a percentage of other kills in the entire game.
 E = Experience gained in this place as a percentage of experience gained in the entire game.
 F = Experience gained in this place divided by the number of levels of this place that you have seen.
                   A       B       C       D       E      F
               +-------+-------+-------+-------+-------+----------------------
         Total | 100.0 | 100.0 |  -nan |  -nan | 100.0 |  15.0
       Dungeon | 100.0 | 100.0 |  -nan |  -nan | 100.0 |  15.0
               +-------+-------+-------+-------+-------+----------------------
